 Dungeon Crawl Stone Soup version 0.19.5 (webtiles) character file.

5077 ChoB the Grappler (level 10, -2/94 HPs)
             Began as a Troll Monk on Mar 6, 2017.
             Was a High Priest of Okawaru.
             Slain by a hornet (11 damage)
             ... while paralysed by a hornet
             ... on level 8 of the Dungeon.
             The game lasted 00:37:25 (10971 turns).

ChoB the Grappler (Troll Monk)                     Turns: 10971, Time: 00:37:26

Health: -2/94      AC:  5    Str: 25    XL:     10   Next: 31%
Magic:  12/12      EV:  1    Int:  6    God:    Okawaru [*****.]
Gold:   214        SH:  0    Dex: 13    Spells: 0 memorised, 9 levels left

rFire  . . .     SeeInvis +       - Unarmed
rCold  . . .     Gourm    +     a - +0 robe
rNeg   . . .     Faith    .     (no shield)
rPois  .         Spirit   .     (helmet restricted)
rElec  .         Reflect  .     (no cloak)
rCorr  .         Harm     .     (gloves unavailable)
MR     .....                    (boots unavailable)
Stlth  ++++......               (no amulet)
                                (no ring)
                                o - ring of see invisible

@: paralysed, about to teleport, heroism, very slightly contaminated, slowed,
invisible
A: unfitting armour, claws 3, fast metabolism 3, gourmand, regeneration 1,
shaggy fur 1, strong 1, tough skin 2, subdued magic 1, MP-powered wands
a: Heroism, Finesse, Renounce Religion


You were on level 8 of the Dungeon.
You worshipped Okawaru.
Okawaru was extremely pleased with you.
You were full.

You visited 1 branch of the dungeon, and saw 10 of its levels.

You collected 536 gold pieces.
You spent 322 gold pieces at shops.

Inventory:

Hand Weapons
 C - a +1 hand axe of chopping
Missiles
 p - 2 tomahawks of returning (quivered)
 r - 8 javelins of penetration
 w - 6 javelins
 H - 12 tomahawks
Armour
 a - a +0 robe (worn)
Jewellery
 o - a ring of see invisible (left claw)
Wands
 c - a wand of flame (34/48)
 k - a wand of flame (12/48)
 n - a wand of flame (35/48)
 F - a wand of random effects (10/48)
 G - a wand of confusion (26/48)
Scrolls
 h - a scroll of teleportation
 s - a scroll of magic mapping
 t - a scroll of remove curse
 x - 2 scrolls of enchant weapon
 E - a scroll of enchant armour
Potions
 d - 3 potions of curing
 e - a potion of invisibility
 f - 5 potions of degeneration
 g - a potion of mutation
 i - a potion of brilliance {unknown}
 j - a potion of resistance {unknown}
 l - a potion of cure mutation {unknown}
 q - a potion of flight {unknown}
 v - a potion of agility {unknown}
 B - 2 potions of haste {unknown}
 D - 2 potions of might {unknown}
Books
 y - a Young Poisoner's Handbook

   Spells                             Type                      Level
   a - Sting                          Conjuration/Poison           1
   b - Mephitic Cloud                 Conjuration/Poison/Air       3
   c - Olgreb's Toxic Radiance        Poison                       4
   d - Alistair's Intoxication        Transmutation/Poison         5
   e - Venom Bolt                     Conjuration/Poison           5
Comestibles
 b - 2 bread rations
 m - 2 beef jerkies
 u - 28 fruits
 z - a slice of pizza
 A - 6 meat rations
 I - a royal jelly


   Skills:
 + Level 4.4(9.4) Fighting
 + Level 0.8(5.8) Throwing
 + Level 5.4(10.4) Dodging
 + Level 3.7(8.7) Stealth
 + Level 11.1(16.1) Unarmed Combat
 * Level 4.7 Invocations


You had 9 spell levels left.
You didn't know any spells.

Dungeon Overview and Level Annotations

Branches:
Dungeon (10/15)            Temple (0/1) D:6             Orc (0/2) D:10
   Lair: D:8-11

Altars:
Ashenzari
Cheibriados
Fedhas
Hepliaklqana
Makhleb
Nemelex Xobeh
Okawaru
Ru
Trog
Xom
Zin

Shops:
D:5 ?   D:7 =

Annotations:
D:8 Erica


Innate Abilities, Weirdness & Mutations

You are too large for most types of armour.
You have claws for hands.
Your metabolism is lightning-fast.
You like to eat raw meat.
Your natural rate of healing is unusually fast.
You are covered in fur. (AC +1)
You have very tough skin. (AC +2)
Your muscles are strong. (Str +2)
Your spells are a little easier to cast, but a little less powerful.
You expend magic power (3 MP) to strengthen your wands.


Message History

You are lethally poisoned!
You shrug off the repeated paralysis!
You can move again.
Unknown command.
You feel better. The hornet misses you. The hornet closely misses you.
You feel better. The hornet closely misses you. The hornet misses you.
The hornet completely misses you.
It was a potion of mutation.
You feel extremely strange.
Your connection to magic feels subdued.
You feel stronger.
You feel your magical essence link to your wands.
The hornet stings you but does no damage.
The hornet stings you!
* * * LOW HITPOINT WARNING * * *
You feel as though you will be slow longer.
Okay, then.
As you read the scroll of teleportation, it crumbles to dust.
You feel strangely unstable. The hornet stings you.
* * * LOW HITPOINT WARNING * * *
You suddenly lose the ability to move!
The hornet stings you!
You die...

#.##...##o##..###### ###.
##.#....#...#.......###...
#.......#.⌠.#...........#.
#.....#...#........###..
#....##'##.......## #.#
#.#..............)###.#
##.##....#................#
........#######......##..##
##..###oay@.# #......# #...
... #####.# #......###^# .#
.# #.......#..# .#
#######...### .# #.......
.# #......( ## #.......
#....... #.......


You could see a hornet, a worker ant and an orc.

Vanquished Creatures
  An unseen horror (D:10)
  A hill giant (D:10)
  A meliai zombie (D:10)
  A wyvern (D:10)
  A hungry ghost (D:7)
  2 wargs (D:10)
  A water moccasin (D:7)
  6 ogres
  3 phantoms
  5 centaurs
  A big kobold (D:8)
  4 bullfrogs
  5 scorpions
  A killer bee (D:9)
  5 jellies
  A bullfrog zombie (D:10)
  A centaur zombie (D:5)
  3 howler monkeys
  5 crimson imps
  A quasit (D:7)
  2 hounds
  2 centaur skeletons
  A gnoll shaman (D:7)
  5 orc priests
  5 orc wizards
  3 iguanas
  3 worker ants
  A killer bee zombie (D:4)
  11 gnolls
  9 adders
  2 howler monkey skeletons
  3 shadow imps
  3 oozes
  An adder skeleton (D:4)
  An adder zombie (D:6)
  A worm (D:3)
  2 leopard geckos
  27 orcs
  5 giant cockroaches
  5 goblins
  5 hobgoblins
  13 jackals
  8 quokkas
  4 bats
  2 frilled lizards
  A giant cockroach zombie (D:6)
  16 kobolds
  9 rats
199 creatures vanquished.

Vanquished Creatures (others)
  A plant (D:1)
1 creature vanquished.

Grand Total: 200 creatures vanquished

Notes
Turn   | Place    | Note
-------+----------+-------------------------------------------
     0 | D:1      | ChoB the Troll Monk began the quest for the Orb.
     0 | D:1      | Reached XP level 1. HP: 22/22 MP: 0/0
   279 | D:1      | Reached XP level 2. HP: 29/29 MP: 1/1
  1384 | D:2      | Reached XP level 3. HP: 36/36 MP: 2/2
  2084 | D:2      | Reached XP level 4. HP: 44/44 MP: 3/3
  2158 | D:2      | Found a glowing silver altar of Zin.
  2802 | D:3      | Reached skill level 4 in Unarmed Combat
  2886 | D:3      | Found an iron altar of Okawaru.
  2886 | D:3      | Found a bloodstained altar of Trog.
  2890 | D:3      | chcipni
  2890 | D:3      | Became a worshipper of Warmaster Okawaru
  2890 | D:3      | Reached * piety under Okawaru
  2890 | D:3      | Reached ** piety under Okawaru
  3569 | D:4      | Reached XP level 5. HP: 43/53 MP: 0/4
  3666 | D:4      | Found a snail-covered altar of Cheibriados.
  3666 | D:4      | Found a faded altar of an unknown god.
  3673 | D:4      | Found a faded altar of an unknown god.
  3675 | D:4      | Found a sparkling altar of Nemelex Xobeh.
  3676 | D:4      | Found a faded altar of an unknown god.
  4276 | D:4      | Reached skill level 5 in Unarmed Combat
  4276 | D:4      | Reached XP level 6. HP: 54/61 MP: 5/5
  4359 | D:5      | Entered Level 5 of the Dungeon
  4722 | D:5      | Found a shattered altar of Ashenzari.
  4940 | D:5      | Reached *** piety under Okawaru
  4940 | D:5      | Reached XP level 7. HP: 39/67 MP: 6/6
  4943 | D:5      | Reached skill level 6 in Unarmed Combat
  4990 | D:5      | Found Gunossiy's Magic Scroll Shoppe.
  5007 | D:5      | Bought a scroll of remove curse for 42 gold pieces
  5007 | D:5      | Bought a scroll of enchant armour for 105 gold pieces
  5007 | D:5      | Bought a scroll of teleportation for 42 gold pieces
  5007 | D:5      | Bought a scroll of identify for 28 gold pieces
  5010 | D:5      | fuck
  5908 | D:5      | >
  5908 | D:5      | Bought a scroll of enchant weapon for 105 gold pieces
  6313 | D:6      | Reached skill level 7 in Unarmed Combat
  6428 | D:6      | Reached XP level 8. HP: 67/76 MP: 7/7
  6429 | D:6      | Found a staircase to the Ecumenical Temple.
  7204 | D:7      | Reached skill level 1 in Invocations
  7258 | D:7      | Found a sacrificial altar of Ru.
  7450 | D:7      | Reached skill level 8 in Unarmed Combat
  7523 | D:7      | Found Cenirch's Jewellery Shop.
  7999 | D:7      | Found a burning altar of Makhleb.
  8000 | D:7      | Found a shimmering altar of Xom.
  8110 | D:7      | Reached skill level 9 in Unarmed Combat
  8162 | D:7      | Reached XP level 9. HP: 50/84 MP: 9/9
  8340 | D:7      | Found a blossoming altar of Fedhas.
  8375 | D:7      | Reached **** piety under Okawaru
  8610 | D:8      | Noticed Erica
  8727 | D:9      | Noticed a troll
  8910 | D:9      | Found a hazy altar of Hepliaklqana.
  9064 | D:9      | Found an iron altar of Okawaru.
  9437 | D:10     | Entered Level 10 of the Dungeon
  9466 | D:10     | Reached skill level 10 in Unarmed Combat
  9699 | D:10     | Reached skill level 5 in Dodging
  9779 | D:10     | Found a staircase to the Orcish Mines.
  9973 | D:10     | Noticed an unseen horror
  9986 | D:10     | Killed an unseen horror
  9986 | D:10     | Reached ***** piety under Okawaru
  9986 | D:10     | Reached XP level 10. HP: 70/94 MP: 12/12
 10487 | D:10     | Noticed a hill giant
 10492 | D:10     | Killed a hill giant
 10492 | D:10     | Reached skill level 11 in Unarmed Combat
 10954 | D:8      | Paralysed by a hornet for 1 turns
 10957 | D:8      | Paralysed by a hornet for 1 turns
 10966 | D:8      | Paralysed by a hornet for 2 turns
 10967 | D:8      | HP: 2/94 [hornet (9)]
 10970 | D:8      | Gained mutation: Your spells are a little easier to cast, but a little less powerful. [potion of mutation]
 10970 | D:8      | Gained mutation: Your muscles are strong. (Str +2) [potion of mutation]
 10970 | D:8      | Gained mutation: You expend magic power (3 MP) to strengthen your wands. [potion of mutation]
 10971 | D:8      | Paralysed by a hornet for 2 turns
 10971 | D:8      | Slain by a hornet

Skill      XL: |  1  2  3  4  5  6  7  8  9 10 |
---------------+-------------------------------+-----
Dodging        | 3 4 5 |  5.4
Unarmed Combat | 4 5 7 9 10 11 | 11.1
Fighting       | 3 4 |  4.4
Stealth        | 2 3 |  3.7
Invocations    | 2 4 |  4.7
Throwing       | |  0.8

Action                   |  1- 3 |  4- 6 |  7- 9 | 10-12 || total
-------------------------+-------+-------+-------+-------++-------
Melee: Unarmed           |   126 |   143 |   320 |    33 ||   622
       Punch             |     2 |     3 |    14 |     4 ||    23
       Hand axe          |       |       |     5 |       ||     5
Throw: Tomahawk          |       |     5 |     1 |       ||     6
       Javelin           |       |     1 |       |       ||     1
Invok: Heroism           |       |     1 |     8 |     2 ||    11
Evoke: Wand              |       |       |     1 |       ||     1
  Use: Potion            |       |     3 |     1 |     5 ||     9
       Scroll            |       |     2 |    12 |     2 ||    16
 Stab: Sleeping          |     3 |     2 |     6 |       ||    11
       Distracted        |       |     1 |     1 |       ||     2
  Eat: Chunk             |    12 |    29 |    51 |     5 ||    97
       Bread ration      |     1 |     1 |       |       ||     2
       Fruit             |       |       |     1 |       ||     1
Armor: Robe              |    68 |    32 |    75 |    11 ||   186
Dodge: Dodged            |    79 |    63 |   157 |    32 ||   331
